 Dungeon Crawl Stone Soup version 0.26.1-11-gd32895ea62 (webtiles) character file.

Game seed: 12396881392855451359

66230 Almogavar the Fighter (level 14, -5/133 HPs)
             Began as a Minotaur Berserker on Apr 19, 2021.
             Was an Elder of Trog.
             Killed from afar by an oklob plant (13 damage)
             ... with a splash of acid
             ... on level 3 of the Lair of Beasts.
             The game lasted 00:59:21 (23589 turns).

Almogavar the Fighter (Minotaur Berserker)         Turns: 23589, Time: 00:59:22

Health: -5/133     AC:  2    Str: 26    XL:     14   Next: 78%
Magic:  0/24       EV: 16    Int:  9    God:    Trog [****..]
Gold:   1888       SH:  5    Dex: 11    Spells: 13/13 levels left

rFire    . . .     SeeInvis +   a - +2 long sword (drain)
rCold    . . .     Faith    .   F - +0 buckler
rNeg     . . .     Spirit   +   j - +0 chain mail
rPois    .         Reflect  .   M - +3 hat of Pondering {ponderous, Will+ MP+10 Int+5}
rElec    .         Harm     .   t - +1 cloak
rCorr    .         Rampage  .   o - +2 pair of gloves
Will     ++++.                  (no boots)
Stlth    ..........             N - amulet of guardian spirit
HPRegen  1.32/turn              G - +4 ring of evasion
MPRegen  0.19/turn              L - ring of see invisible

@: corroded, regenerating, slow
A: retaliatory headbutt, horns 2
a: Renounce Religion, Berserk, Trog's Hand, Brothers in Arms


You were on level 3 of the Lair of Beasts.
You worshipped Trog.
Trog was greatly pleased with you.
You visited 3 branches of the dungeon, and saw 16 of its levels.

You collected 1933 gold pieces.
You spent 45 gold pieces at shops.

Inventory:

Hand Weapons
 a - a +2 long sword of draining (weapon)
 c - a +2 scimitar of holy wrath
 w - a +1 hunting sling
 K - a +3 flail of freezing
Missiles
 b - 108 sling bullets
 d - 255 stones
Armour
 j - a +0 chain mail (worn)
 o - a +2 pair of gloves (worn)
 t - a +1 cloak (worn)
 F - a +0 buckler (worn)
 H - a +0 plate armour
 M - the +3 hat of Pondering (worn) {ponderous, Will+ MP+10 Int+5}
   (You took it off Gastronok on level 9 of the Dungeon)

   It affects your intelligence (+5).
   It affects your willpower, your defense against some magical effects.
   It affects your magic capacity (+10).
Jewellery
 k - an uncursed amulet of magic regeneration
 x - an uncursed ring of wizardry {unknown}
 B - a +6 ring of dexterity
 C - an uncursed ring of flight
 G - a +4 ring of evasion (left hand)
 L - a ring of see invisible (right hand)
 N - an amulet of guardian spirit (around neck)
Wands
 u - a wand of random effects (8)
 y - a wand of iceblast (29)
Scrolls
 h - 2 scrolls of enchant weapon
 i - 5 scrolls of fog
 q - 2 scrolls of remove curse
 r - 4 scrolls of magic mapping
 s - 5 scrolls of teleportation
 A - a scroll of enchant armour
 I - a scroll of fear
Potions
 e - 9 potions of curing
 f - 2 potions of berserk rage
 g - 2 potions of resistance
 l - a potion of mutation {unknown}
 m - 2 potions of flight
 n - 4 potions of might
 p - a potion of ambrosia
 v - 2 potions of heal wounds
 z - a potion of invisibility
 D - 7 potions of lignification
 E - a potion of haste


   Skills:
 + Level 14.9 Fighting
 - Level 14.0 Long Blades
 - Level 0.3 Maces & Flails
 - Level 12.2 Slings
 + Level 14.4 Armour
 + Level 6.8 Dodging
 + Level 4.7 Shields
 + Level 2.4 Invocations
 + Level 2.4 Evocations


You had 13 spell levels left.
You didn't know any spells.
Your spell library was empty.

Dungeon Overview and Level Annotations

Branches:
Dungeon (11/15)            Temple (0/1) D:5            Lair (3/6) D:9
 Shoals (0/4) Lair:2        Snake (0/4) Lair:3          Orc (2/2) D:11
    Elf (0/3) Orc:2

Altars:
Yredelemnul

Shops:
D:4 *   D:5 *   D:8 *[   Orc:1 [   Orc:2 (}[*(

Annotations:
D:11 exclusion: obsidian statue
Lair:3 exclusion: 3 oklob plants


Innate Abilities, Weirdness & Mutations

You reflexively headbutt those who attack you in melee.
You have a pair of horns on your head.


Message History

The oklob plant spits acid at you. The splash of acid hits you!
The acid corrodes you!
You are splashed with acid!
The oklob plant spits acid at you. The splash of acid hits you!
You are splashed with acid!
* * * LOW HITPOINT WARNING * * *
The oklob plant spits acid at you. You block the splash of acid.
The oklob plant spits acid at you. The splash of acid hits you.
* * * LOW HITPOINT WARNING * * *
The acid corrodes you!
You are splashed with acid!
* * * LOW HITPOINT WARNING * * *
The oklob plant spits acid at you. The splash of acid hits you.
* * * LOW HITPOINT WARNING * * *
The acid corrodes you!
You are splashed with acid!
* * * LOW HITPOINT WARNING * * *
The oklob plant spits acid at you. The splash of acid hits you!
You die...

........#####.### #######
........#....##.###
................#.#
................#.#
..................#######
...................==.$P#
.....................$$.#
...................[$|!$#
≈≈≈≈≈...........@.....P[#
≈≈≈≈≈≈.........(...$$.P?#
≈...≈≈≈...........#######
.)..≈≈≈≈.....(...##
≈....≈≈≈≈...>...##
..>.≈≈≈≈.........#
...≈.?≈≈P........#
.....≈≈≈.........#
≈...≈≈≈..≈≈≈≈≈..##


You could see 3 oklob plants.

Vanquished Creatures
  Gastronok (D:9)
  A minotaur (Orc:2)
  Erolcha (D:9)
  A boulder beetle (D:11)
  2 hydras
  The ghost of Condegh the Impaler, a journeyman MfGl of Okawaru (Orc:2)
  3 two-headed ogres
  The ghost of Sammaje the Cleaver, a novice MiBe of Trog (Lair:1)
  2 orc high priests (Orc:2)
  Sonja (D:11)
  An unseen horror (D:11)
  6 orc knights
  2 orc sorcerers
  A cyclops (D:11)
  4 oklob plants
  A manticore (D:11)
  A centaur zombie (D:11)
  7 elephants
  2 black mambas
  8 cane toads
  3 rime drakes
  7 komodo dragons
  4 trolls
  Prince Ribbit (Lair:3)
  16 blink frogs
  A shadow (D:11)
  16 yaks
  A wyvern (Lair:2)
  3 wargs
  24 water moccasins
  3 nagas (Lair:3)
  Duvessa (D:4)
  3 black bears
  2 sky beasts
  33 orc warriors
  4 ice beasts
  2 eyes of draining
  6 phantoms
  4 ogres
  4 wolves
  3 centaurs
  A big kobold (D:11)
  17 bullfrogs
  5 scorpions
  A wyvern skeleton (D:6)
  Dowan (D:4)
  10 killer bees
  6 electric eels
  14 wights (D:8)
  6 howler monkeys
  A bullfrog zombie (D:6)
  11 hounds
  A jelly (D:9)
  18 orc priests
  2 bullfrog skeletons
  5 iguanas
  27 orc wizards
  10 worker ants
  A hound zombie (D:8)
  2 hound skeletons
  A worker ant zombie (D:10)
  27 adders
  2 shadow imps
  3 white imps
  An ufetubus (D:9)
  An adder skeleton (D:7)
  A worm (D:5)
  A dart slug (D:3)
  5 leopard geckos
  87 orcs
  A ball python (D:4)
  8 bats
  9 giant cockroaches
  10 hobgoblins
  11 jackals
  3 quokkas
  6 frilled lizards
  9 goblins
  8 kobolds
  A quokka skeleton (D:5)
  8 rats
530 creatures vanquished.

Vanquished Creatures (collateral kills)
  An orc high priest (Orc:2)
  An orc knight (Orc:2)
  3 orc sorcerers
  An orc priest (Orc:1)
  4 orcs (Orc:1)
10 creatures vanquished.

Vanquished Creatures (others)
  2 adders (D:10)
  8 fungi
  27 plants
37 creatures vanquished.

Grand Total: 577 creatures vanquished

Notes
Turn   | Place    | Note
-------+----------+-------------------------------------------
     0 | D:1      | Almogavar the Minotaur Berserker began the quest for the
                  | Orb.
     0 | D:1      | Reached XP level 1. HP: 19/19 MP: 0/0
   335 | D:1      | Reached XP level 2. HP: 27/27 MP: 1/1
   647 | D:1      | Reached ** piety under Trog
   689 | D:1      | Reached XP level 3. HP: 33/33 MP: 2/2
  1198 | D:2      | Reached XP level 4. HP: 40/40 MP: 3/3
  1534 | D:2      | Reached skill level 5 in Long Blades
  2088 | D:3      | Reached XP level 5. HP: 46/47 MP: 4/4
  2190 | D:3      | Noticed an ice beast
  2195 | D:3      | Killed an ice beast
  2239 | D:3      | Reached *** piety under Trog
  2721 | D:4      | Found Weomuc's Assorted Antiques.
  2821 | D:4      | Reached XP level 6. HP: 50/55 MP: 5/5
  3165 | D:4      | Reached skill level 5 in Fighting
  3284 | D:4      | Noticed Duvessa
  3284 | D:4      | Noticed Dowan
  3292 | D:4      | Killed Dowan
  3302 | D:4      | Killed Duvessa
  3303 | D:4      | Reached skill level 5 in Armour
  3303 | D:4      | Reached XP level 7. HP: 47/61 MP: 6/6
  3753 | D:5      | Entered Level 5 of the Dungeon
  3764 | D:5      | Found Obbeupat's Assorted Antiques.
  4102 | D:5      | Found a staircase to the Ecumenical Temple.
  4644 | D:6      | Reached skill level 1 in Slings
  4644 | D:6      | Reached XP level 8. HP: 30/70 MP: 7/7
  5446 | D:6      | You fall into a shaft and drop 1 floor!
  5454 | D:7      | Reached **** piety under Trog
  5517 | D:7      | Found a basalt altar of Yredelemnul.
  6043 | D:7      | Reached XP level 9. HP: 79/79 MP: 8/8
  6106 | D:7      | Reached skill level 5 in Slings
  6862 | D:8      | Found Muim's General Store.
  6867 | D:8      | Bought a scroll of fear for 45 gold pieces
  7163 | D:8      | Found Qobreum's Armour Shoppe.
  7500 | D:8      | Reached skill level 10 in Long Blades
  7721 | D:9      | Reached ***** piety under Trog
  7728 | D:9      | Reached XP level 10. HP: 55/89 MP: 9/9
  7728 | D:9      | Found a staircase to the Lair.
  8019 | D:9      | Got a polished hand axe
  8183 | D:9      | Lost intelligence.
  8183 | D:9      | Identified the +8 hand axe "Sepaur" {antimagic, Fragile
                  | Str+10 Int-4} (You found it on level 9 of the Dungeon)
  8294 | D:9      | Noticed a two-headed ogre
  8307 | D:9      | Killed a two-headed ogre
  8513 | D:9      | Noticed Erolcha
  8525 | D:9      | Killed Erolcha
  8675 | D:9      | Noticed a two-headed ogre
  8686 | D:9      | Killed a two-headed ogre
  8995 | D:9      | Noticed Gastronok
  9009 | D:9      | Killed Gastronok
  9010 | D:9      | Reached XP level 11. HP: 99/99 MP: 10/10
  9671 | D:10     | Entered Level 10 of the Dungeon
  9686 | D:10     | Reached skill level 10 in Armour
  9904 | D:10     | Noticed a two-headed ogre
  9918 | D:10     | Killed a two-headed ogre
  9919 | D:10     | Reached skill level 10 in Fighting
  9922 | D:10     | Reached skill level 10 in Slings
 11476 | D:11     | Noticed Sonja
 11720 | D:11     | Noticed an obsidian statue
 11839 | D:11     | Killed Sonja
 12167 | D:11     | Noticed a boulder beetle
 12170 | D:11     | Reached skill level 5 in Dodging
 12451 | D:10     | Received a gift from Trog
 12567 | D:10     | Reached XP level 12. HP: 38/108 MP: 7/11
 12865 | D:11     | Killed a boulder beetle
 13518 | D:11     | Found a staircase to the Orcish Mines.
 14180 | D:11     | Identified Sif Muna's Papyrus of Displaced Flight
 14505 | Orc:1    | Entered Level 1 of the Orcish Mines
 14592 | Orc:2    | Entered Level 2 of the Orcish Mines
 14624 | Orc:1    | HP: 2/165 [orc warrior/+0 long sword[an orc knight] (18)]
 15447 | Orc:2    | Found a runed translucent gate.
 15447 | Orc:2    | Found a runed translucent gate.
 15449 | Orc:2    | Found a runed translucent gate.
 15453 | Orc:2    | Noticed Condegh's ghost (journeyman MfGl)
 15457 | Orc:2    | Noticed a minotaur
 15557 | Orc:2    | Found a staircase to the Elven Halls.
 17519 | Orc:2    | Noticed an orc high priest
 17528 | Orc:2    | Noticed an orc high priest
 17541 | Orc:2    | Killed an orc high priest
 17544 | Orc:2    | Noticed an orc high priest
 17558 | Orc:2    | Found Oschahid's Antique Weapon Emporium.
 17564 | Orc:2    | Killed an orc high priest
 17896 | Orc:2    | Killed an orc high priest
 17897 | Orc:2    | Reached XP level 13. HP: 119/119 MP: 12/12
 18138 | Orc:2    | Found Edenag's Antique Weapon Shop.
 18138 | Orc:2    | Found Vader's Assorted Antiques.
 18142 | Orc:2    | Found Vuynuhu's Gadget Emporium.
 18142 | Orc:2    | Found Yschopt's Armour Shop.
 18196 | Orc:2    | Received a gift from Trog
 18605 | Orc:2    | Killed a minotaur
 18618 | Orc:2    | Killed Condegh's ghost
 18738 | Orc:1    | Found Huept's Antique Armour Boutique.
 18983 | D:9      | Reached XP level 14. HP: 129/129 MP: 14/14
 18991 | Lair:1   | Entered Level 1 of the Lair of Beasts
 19595 | Lair:1   | Noticed Sammaje's ghost (novice MiBe)
 19597 | Lair:1   | Found a transporter.
 19759 | Lair:1   | Found a transporter.
 20315 | Lair:1   | Killed Sammaje's ghost
 20668 | Lair:2   | Found a staircase to the Shoals.
 22283 | Lair:3   | Noticed Prince Ribbit
 22323 | Lair:3   | Killed Prince Ribbit
 22585 | Lair:3   | Found a staircase to the Snake Pit.
 23588 | Lair:3   | HP: 6/133 [acid (9)]
 23589 | Lair:3   | Killed from afar by an oklob plant

Illustrated notes

Levels and vault maps discovered:
D:1:      dpeg_arrival_prison, layout_basic, corexii_corridor_pit
D:2:      layout_basic, st_stairs_3
D:3:      layout_loops_ring
D:4:      layout_cave_pods, serial_shops, shop, uniq_duvessa
D:5:      layout_cave_pools, minmay_temple_entry_butterflies,
          serial_column_ruins, column_ruins_hut, column_ruins_hut,
          column_ruins_columns_corner, column_ruins_grid_1,
          column_ruins_open_tiny, column_ruins_open_small, column_ruins_grid_1,
          serial_shops, nicolae_shop_overgrown_old_shop,
          cheibrodos_sewer_entry_bend
D:6:      layout_cave_pools
D:7:      layout_basic, kennysheep_mini
D:8:      layout_loops_ring, serial_shops, shop, nicolae_shop_waterfront
D:9:      layout_grid_maze, erik_lair_orcish_takeover, feat_on_display,
          uniq_erolcha, uniq_gastronok
D:10:     lemuel_reptile_caves, layout_basic, minmay_misc_feat_square,
          kb_lookout_dungeons_type
D:11:     layout_long_grid, david_orc_2, serial_bayou_ford_a,
          serial_park_tiny_pond, minmay_protected_statue, uniq_sonja
Lair:1:   layout_concentric_octagons, nzn_ghost_randoct,
          infiniplex_staircase_pool_2
Lair:2:   layout_chaotic_city, elwin_shoals_entry_rocks, minivault_11,
          serial_bayou_pond_a, serial_bayou_shore_a
Lair:3:   layout_gridlike, guppyfry_snake_entry_island, serial_bayou_shore_b,
          grunt_megastairs_3, minmay_lair_oklob_chamber, uniq_prince_ribbit2
Orc:1:    layout_caves, serial_shops, shop, mines3_lemuel
Orc:2:    grunt_orc_tribal_feast, layout_caves, serial_shops,
          nicolae_shop_stone, maelrawn_ghost_gauntlet_escape

Skill      XL: |  1  2  3  4  5  6  7  8  9 10 11 12 13 14 |
---------------+-------------------------------------------+-----
Long Blades    | 4 5 6 7 8 9 10 11 12 13 14 | 14.0
Fighting       | 4 5 7 8 9 10 12 13 14 | 14.9
Armour         | 3 4 5 6 7 8 9 10 12 14 | 14.4
Dodging        | 3 4 5 6 |  6.8
Slings         | 1 4 7 9 10 12 | 12.2
Shields        | 3 4 |  4.7
Invocations    | 2 |  2.4
Evocations     | 2 |  2.4
Maces & Flails | |  0.3

Action                   |  1- 3 |  4- 6 |  7- 9 | 10-12 | 13-15 || total
-------------------------+-------+-------+-------+-------+-------++-------
Melee: Falchion          |    74 |   130 |   263 |       |       ||   467
       Headbutt          |    17 |    23 |    70 |   143 |   100 ||   353
       Long sword        |       |       |    23 |   452 |   306 ||   781
       Triple sword      |       |       |       |    40 |       ||    40
       Flail             |       |       |       |       |    12 ||    12
 Fire: Hunting sling     |       |       |   135 |   509 |   149 ||   793
Invok: Berserk           |     1 |     2 |     4 |    18 |     2 ||    27
       Trog's Hand       |       |     1 |     1 |     6 |     4 ||    12
       Brothers in Arms  |       |       |       |     2 |     1 ||     3
 Abil: Evoke Flight      |       |       |       |     1 |       ||     1
  Use: Scroll            |     2 |     7 |    11 |     4 |     5 ||    29
       Potion            |       |       |       |     2 |     1 ||     3
 Stab: Distracted        |       |       |       |     1 |       ||     1
Armor: Animal skin       |     6 |       |       |       |       ||     6
       Chain mail        |    39 |    64 |   145 |   256 |   119 ||   623
Dodge: Dodged            |    59 |    57 |   167 |   442 |   196 ||   921
Block: Buckler           |       |       |       |       |    46 ||    46
       Rpst.: Falchion   |    12 |    14 |    25 |       |       ||    51
       Long sword        |       |       |     7 |    82 |    42 ||   131
       Triple sword      |       |       |       |    19 |       ||    19
